 Dungeon Crawl Stone Soup version 0.31-a0-219-g8d62b2e7bb (webtiles) character file.

Game seed: 17967763906699858537

39 olmar the Digger (level 3, -2/26 HPs)
             Began as a Demigod Earth Elementalist on July 4, 2023.
             Slain by Natasha (7 damage)
             ... on level 2 of the Dungeon.
             The game lasted 00:01:13 (1129 turns).

olmar the Digger (Demigod Earth Elementalist)       Turns: 1129, Time: 00:01:13

Health: -2/26      AC:  2    Str:  9    XL:     3   Next: 13%
Magic:  2/9        EV: 12    Int: 21    God:
Gold:   101        SH:  0    Dex: 14    Spells: 0/6 levels left

rFire   . . .        (no weapon)
rCold   . . .        (no shield)
rNeg    . . .        a - +0 robe
rPois   .            (no helmet)
rElec   .            (no cloak)
rCorr   .            (no gloves)
SInv    .            (no boots)
Will    .....        (no amulet)
Stlth   ++           (no ring)
HPRegen 0.24/turn    (no ring)
MPRegen 0.11/turn

%: no passive effects
@: very slightly contaminated
A: high MP 1, forlorn, divine attributes
a: no special abilities


You were on level 2 of the Dungeon.
You visited 1 branch of the dungeon, and saw 2 of its levels.

You collected 101 gold pieces.

Inventory:

Hand Weapons
 i - a +2 sling of freezing
Armour
 a - a +0 robe (worn)
Jewellery
 c - a ring of resist corrosion
 e - a ring of fire
 g - a ring of positive energy
 h - a ring of willpower
Scrolls
 d - 2 scrolls of identify {unknown}
 f - a scroll of vulnerability {unknown}
Potions
 b - a potion of magic


   Skills:
 + Level 0.1 Fighting
 + Level 1.9 Dodging
 - Level 1.7 Stealth
 + Level 2.4 Spellcasting
 + Level 0.9 Transmutations
 + Level 3.4 Earth Magic


You couldn't memorise any spells.
You knew the following spells:

 Your Spells              Type           Power      Damage    Failure   Level
a - Sandblast             Erth           32%        2d9       3%          1
b - Stone Arrow           Conj/Erth      18%        3d8       22%         3
c - Passwall              Tmut/Erth      9%         N/A       9%          2

Your spell library contained the following spells:

 Spells                   Type           Power      Damage    Failure   Level
 Petrify                  Tmut/Erth      11%        N/A       50%         4


Dungeon Overview and Level Annotations

Branches:
Dungeon (2/15)

Annotations:
D:2 Natasha


Innate Abilities, Weirdness & Mutations

You have an increased reservoir of magic. (+10% MP)
You shall have no god before yourself.
Your divine heritage dramatically boosts your attributes as you level up.


Message History

There is a shaft here.
Found a stone.
Natasha, Servant of Life and Death comes into view.
Natasha hisses angrily.
Natasha mumbles some strange words.
You feel troubled.
Natasha is nearby!
The blast of sand hits Natasha.
Natasha is lightly wounded.
Natasha stares at you and mumbles some strange words.
The magic dart hits you! Natasha closely misses you.
The blast of sand hits Natasha but does no damage.
Natasha is lightly wounded.
Natasha mumbles some strange words.
Unknown command.
The blast of sand hits Natasha.
Natasha is moderately wounded.
Natasha claws you! Natasha barely misses you.
Aiming: Sandblast (safe; 3% risk of failure)
Press: ? - help, Q - select action, (/) - cycle Shift-Dir - straight line, f/p - Natasha
Aim: Natasha (moderately wounded, 77% to hit)
The blast of sand hits Natasha!
Natasha is almost dead.
The cerulean imp hits you from afar with a +1 spear.
Natasha barely misses you. The cerulean imp closely misses you.
Casting: Sandblast (safe; 3% risk of failure)
Confirm with . or Enter, or press ? or * to list all spells.
Okay, then.
Casting: Sandblast (safe; 3% risk of failure)
Confirm with . or Enter, or press ? or * to list all spells.
The spell is extremely dangerous to miscast (22% risk of failure)!
Continue anyway?
Aiming: Stone Arrow (extremely dangerous; 22% risk of failure)
Press: ? - help, Shift-Dir - straight line, f/p - Natasha
Aim: Natasha (almost dead, 55% to hit)
You miscast Stone Arrow.
You are very lightly contaminated with residual magic.
You are caught in a violent explosion.
* * * LOW HITPOINT WARNING * * *
Natasha claws you!
You die...

(## ...
... ####
..#
..##.#
#..5.#
#@h.#
##.#.#
##..# #
#..##
##.##
#..# #.
####.##
#.
#..^.#
#.
###.####


You could see Natasha and a cerulean imp (summoned).

Vanquished Creatures
  Natasha (D:2)
  2 endoplasms
  A goblin (D:1)
  A hobgoblin (D:1)
  4 kobolds (D:1)
  2 bats
  3 rats
14 creatures vanquished.

Notes
Turn   | Place    | Note
-------+----------+-------------------------------------------
     0 | D:1      | olmar the Demigod Earth Elementalist began the quest for
                  | the Orb.
     0 | D:1      | Reached XP level 1. HP: 14/14 MP: 5/5
   428 | D:1      | Reached skill level 3 in Earth Magic
   749 | D:1      | Reached XP level 2. HP: 20/20 MP: 5/7
   987 | D:2      | Noticed Natasha
  1011 | D:2      | Killed Natasha
  1012 | D:2      | Reached XP level 3. HP: 13/26 MP: 7/9
  1016 | D:2      | Learned a level 3 spell: Stone Arrow
  1019 | D:2      | Learned a level 2 spell: Passwall
  1124 | D:2      | Noticed Natasha
  1129 | D:2      | Slain by Natasha

Illustrated notes

Levels and vault maps discovered:
D:1:      minmay_arrival_checkered_box, layout_loops_corners,
          hellmonk_ecumenical_altar_blasted, fountainhead
D:2:      layout_rooms, grunt_decor_one_mirror, uniq_natasha, uniq_jessica,
          uniq_terence, uniq_robin

Skill      XL: |  1 |
---------------+----+-----
Earth Magic    | 3 |  3.4
Spellcasting   | 2 |  2.4
Fighting       | |  0.1
Dodging        | |  1.9
Stealth        | |  1.7
Transmutations | |  0.9

Action                     || total
---------------------------++-------
  Melee: Unarmed           ||     9
   Cast: Sandblast         ||    27
    Use: Potion            ||     2
 Armour: Robe              ||     2
         Skin              ||    30
  Dodge: Dodged            ||    15

Table legend: (Time is in decaauts)
 A = Elapsed time spent in this place.
 B = Non-inter-level travel time spent in this place.
 C = Inter-level travel time spent in this place.
 D = Time resting spent in this place.
 E = Time spent auto-exploring this place.
 F = Levels seen in this place.
 G = Mean time per level.
                   A        B        C        D        E       F      G
               +--------+--------+--------+--------+--------+-----+--------+
         Total |   1155 |   1129 |     26 |     16 |    978 |   2 |  577.5 |
       Dungeon |   1155 |   1129 |     26 |     16 |    978 |   2 |  577.5 |
               +--------+--------+--------+--------+--------+-----+--------+

Top non-repeatable levels by time:
     D:1: 945 daAuts
     D:2: 210 daAuts
